 Dungeon Crawl Stone Soup version 0.18-a0-117-g77bb7e1 (webtiles) character file.

341 MrRokkomies the Vexing (level 6, -1/28 HPs)
             Began as a Vine Stalker Enchanter on Nov 18, 2015.
             Was a Follower of Makhleb.
             Slain by an adder (2 damage)
             ... on level 5 of the Dungeon.
             The game lasted 00:13:51 (3544 turns).

MrRokkomies the Vexing (Vine Stalker Enchanter)     Turns: 3544, Time: 00:13:52

Health: -1/28      AC:  4    Str: 10    XL:     6   Next: 56%
Magic:  0/10       EV: 12    Int: 17    God:    Makhleb [*.....]
Gold:   180        SH:  0    Dex: 15    Spells: 3 memorised, 3 levels left

rFire  . . .     SeeInvis +     a - +1 dagger
rCold  . . .     Clarity  .     p - +1 robe
rNeg   . . .     SustAt   .     (no shield)
rPois  .         Gourm    .     i - +0 helmet
rElec  .         Spirit   +     (no cloak)
rCorr  .         Warding  .     (no gloves)
rMut   .         Stasis   .     (no boots)
MR     .....                    (no amulet)
Stlth  +++.......               (no ring)
                                t - ring of see invisible

@: lethally poisoned (-1 -> -1), very slightly contaminated, not resistant to
hostile enchantments, fairly stealthy
A: fangs 2, regeneration 2, magic shield, antimagic bite, no device heal 3, rot
immunity
a: Renounce Religion


You were on level 5 of the Dungeon.
You worshipped Makhleb.
Makhleb was aware of your devotion.
You were not hungry.

You visited 1 branch of the dungeon, and saw 5 of its levels.

You collected 180 gold pieces.

Inventory:

Hand Weapons
 a - a +1 dagger (weapon)
 b - a +0 blowgun
Missiles
 m - 3 javelins
 q - 28 poisoned needles
 r - 3 tomahawks of returning (quivered)
 s - 3 tomahawks
Armour
 i - a +0 helmet (worn)
 p - a +1 robe (worn)
Jewellery
 t - a ring of see invisible (left hand)
Wands
 e - a wand of fire (4)
Scrolls
 j - a scroll of remove curse
 o - a scroll of blinking
Potions
 h - a potion of poison {unknown}
 l - 2 potions of brilliance {unknown}
 u - a potion of flight {unknown}
 v - a potion of invisibility {unknown}
Books
 c - a book of Maledictions

   Spells                             Type                      Level
   a - Corona                         Hexes                        1
   b - Ensorcelled Hibernation        Hexes/Ice                    2
   c - Confuse                        Hexes                        3
   d - Tukima's Dance                 Hexes                        3
   e - Dazzling Spray                 Conjuration/Hexes            3
Comestibles
 d - 4 bread rations
 f - 5 meat rations
 g - 3 slices of pizza


   Skills:
 * Level 3.7 Short Blades
 - Level 1.5 Dodging
 - Level 4.0 Stealth
 - Level 2.1 Spellcasting
 * Level 5.6 Hexes


You had 3 spell levels left.
You knew the following spells:

 Your Spells              Type           Power        Failure   Level  Hunger
a - Corona                Hex            ###....      1%          1    #......
b - Ensorcelled Hibernat  Hex/Ice        ##....       12%         2    ###....
c - Confuse               Hex            ###.....     8%          3    ###....


Dungeon Overview and Level Annotations

Branches:
Dungeon (5/15)
 Temple: D:4-7

Altars:
Makhleb
Nemelex Xobeh

Shops:
D:4 }((


Innate Abilities, Weirdness & Mutations

You have extremely sharp teeth.
You heal very quickly.
When hurt, damage is shared between your health and your magic reserves.
Your bite disrupts and absorbs the magic of your enemies.
Potions and wands cannot restore your health.
You are immune to rotting.


Message History

You feel sick.
Casting: Ensorcelled Hibernation
Confirm with . or Enter, or press ? or * to list all spells.
Aiming: Ensorcelled Hibernation
Press: ? - help, Shift-Dir - straight line, f/p - adder
Aim: an adder (moderately wounded, chance to defeat MR: 50%)
The adder resists with some effort.
You feel sick. The adder bites you.
* * * LOW HITPOINT WARNING * * *
Drink which item? (? for menu, Esc to quit)
You feel better. The adder bites you.
* * * LOW HITPOINT WARNING * * *
Drink which item? (? for menu, Esc to quit)
Okay, then.
The adder bites you.
* * * LOW HITPOINT WARNING * * *
You are poisoned.
The adder poisons you!
* * * LOW HITPOINT WARNING * * *
You feel sick. The adder bites you.
You die...

....... ....... .......
.......# ...!.# ### ...
.... ..##+#### ...
#.####........ .....
+.@..#........ ##....
#.#S..)...(...
......####.....).(.(...
............)(......<..
%..........#(##+#.....O
...........#.# ......
...........#.# .....S
...........#.# .....
#######..##.#.# .....


You could see an adder.

Vanquished Creatures
  A big kobold (D:5)
  Terence (D:2)
  2 orc wizards (D:3)
  Robin (D:2)
  6 adders
  3 worms
  5 giant geckos
  17 orcs
  A ball python (D:3)
  5 giant cockroaches
  12 goblins
  9 hobgoblins
  2 jackals (D:1)
  5 bats
  4 giant newts
  19 kobolds
  10 rats
103 creatures vanquished.

Notes
Turn   | Place    | Note
--------------------------------------------------------------
     0 | D:1      | MrRokkomies the Vine Stalker Enchanter began the quest for the Orb.
     0 | D:1      | Reached XP level 1. HP: 9/9 MP: 4/4
   175 | D:1      | Reached XP level 2. HP: 8/13 MP: 3/6
   308 | D:1      | Learned a level 2 spell: Ensorcelled Hibernation
   372 | D:1      | Reached skill level 4 in Stealth
   490 | D:1      | Reached XP level 3. HP: 16/16 MP: 7/7
   537 | D:1      | Reached skill level 1 in Short Blades
   757 | D:2      | Noticed Terence
   785 | D:2      | Killed Terence
   785 | D:2      | Reached XP level 4. HP: 7/21 MP: 0/8
  1046 | D:2      | Noticed Robin
  1077 | D:2      | Reached XP level 5. HP: 22/24 MP: 9/9
  1080 | D:2      | Killed Robin
  1417 | D:2      | Found a burning altar of Makhleb.
  1423 | D:2      | Became a worshipper of Makhleb the Destroyer
  1751 | D:3      | Reached skill level 5 in Hexes
  2026 | D:3      | Found a sparkling altar of Nemelex Xobeh.
  2227 | D:3      | Reached * piety under Makhleb
  2376 | D:3      | Learned a level 3 spell: Confuse
  2622 | D:3      | Gained mutation: You heal very quickly. [Vine Stalker growth]
  2622 | D:3      | Reached XP level 6. HP: 26/28 MP: 8/10
  3162 | D:4      | Found Qoosimua's Weapon Boutique.
  3179 | D:4      | Found Ygih Qoxt's Weapon Boutique.
  3225 | D:4      | Found Milunarr's Gadget Boutique.
  3460 | D:5      | Entered Level 5 of the Dungeon
  3544 | D:5      | HP: 1/28 [poisoned by an adder]
  3544 | D:5      | Slain by an adder

Vault maps used:
D:1:      minmay_arrival_semitransparent
D:2:      first_bread, kennysheep_flooded_box, uniq_terence, uniq_robin
D:3:      corexii_shack_village, serial_forest, infiniplex_forest_corner_2,
          infiniplex_forest_diagonal, infiniplex_forest_fountain,
          infiniplex_forest_straight_3, nemelex_lonely_heart_becter
D:4:      wad_lake_hut, serial_shops, shop, nicolae_shop_crystal,
          nicolae_shop_stone
D:5:      nicolae_qazlal_style_of_elements, nicolae_ossuary_entry_monument

Action                   |  1- 3 |  4- 6 || total
-------------------------+-------+-------++-------
Melee: Dagger            |   110 |   247 ||   357
 Fire: Blowgun           |       |     3 ||     3
 Cast: Ensorcelled Hiber |     7 |    22 ||    29
  Use: Scroll            |     1 |     4 ||     5
       Potion            |       |     2 ||     2
 Stab: Sleeping          |    10 |    30 ||    40
  Eat: Chunk             |       |     8 ||     8
       Beef jerky        |       |     2 ||     2
